[Event "January 9 Early 2024"]
[Site "https://www.chess.com"]
[Date "2024.01.11"]
[Round "2"]
[White "Avramidou, Anastasia"]
[Black "Fernandez Garcia, Gumersindo"]
[Result "0-1"]
[Board "234"]
[TimeControl "180+1"]
[WhiteFideId "4239873"]
[BlackFideId "24516740"]
[WhiteElo "2523"]
[BlackElo "2359"]
[WhiteTeam "GRE"]
[BlackTeam "ESP"]
[WhiteClock "0:00:02"]
[BlackClock "0:00:17"]

1. Nf3 d5 2. d4 Nf6 3. c4 e6 4. Nc3 Bb4 5. g3 O-O 6. Bg2 dxc4 7. O-O Nc6 8. Qa4 Bd7 9. Qc2 Rb8 10. Rd1 h6 11. e4 b5 12. Bf4 Qc8 13. a3 Bxc3 14. bxc3 a6 15. a4 Re8 16. h4 Ne7 17. axb5 axb5 18. Ra7 Rb7 19. Rda1 Bc6 20. Ne5 Rxa7 21. Rxa7 Bb7 22. Qb1 Nc6 23. Nxc6 Bxc6 24. Bxc7 Re7 25. Bb6 Rxa7 26. Bxa7 Qb7 27. Bc5 Nxe4 28. Bb4 Nd2 29. Bxc6 Qxc6 30. Qd1 Nf3+ 31. Kf1 Qe4 32. Qe2 Nh2+ 33. Ke1 Qh1+ 34. Kd2 Nf3+ 35. Kc2 Ne1+ 36. Kd2 Nd3 37. Ke3 Qc1+ 38. Kf3 Ne1+ 39. Kg4 Nd3 40. Kf3 Nxb4 41. cxb4 Qc3+ 42. Kg2 Qxb4 43. Qe4 Qd6 44. Qa8+ Kh7 45. f3 Qxd4 46. Qb7 c3 47. Qxf7 c2 48. Qc7 Qd2+ 0-1

[Event "January 9 Early 2024"]
[Site "https://www.chess.com"]
[Date "2024.01.11"]
[Round "2"]
[White "Buchenau, Frank"]
[Black "Wafa, Hamed"]
[Result "0-1"]
[Board "235"]
[TimeControl "180+1"]
[WhiteFideId "4604350"]
[BlackFideId "10628452"]
[WhiteElo "2408"]
[BlackElo "2824"]
[WhiteTeam "GER"]
[BlackTeam "EGY"]
[WhiteClock "0:00:02"]
[BlackClock "0:00:05"]

1. e4 c5 2. Nf3 a6 3. g3 Nc6 4. Bg2 g6 5. O-O Bg7 6. c3 d6 7. d4 cxd4 8. cxd4 Bg4 9. d5 Nd4 10. Nc3 Nxf3+ 11. Bxf3 Bxf3 12. Qxf3 Nf6 13. a4 O-O 14. Be3 Nd7 15. Qe2 Rc8 16. a5 Ne5 17. Ra4 Qd7 18. Rb4 Ng4 19. Ba7 Bxc3 20. bxc3 Rxc3 21. Rfb1 Ne5 22. Kg2 Rfc8 23. Rxb7 Qa4 24. Rb8 Rxb8 25. Rxb8+ Kg7 26. Rb2 Rc4 27. f3 Qxa5 28. f4 Qa4 29. fxe5 Rxe4 30. Qf2 dxe5 31. Re2 Rxe2 32. Qxe2 f6 33. Qd2 Qd7 34. Be3 Kf7 35. h3 Qb5 36. Qa2 Kf8 37. g4 a5 38. Kf3 a4 39. h4 Qf1+ 40. Bf2 Qd3+ 41. Kg2 a3 42. g5 f5 0-1

[Event "January 9 Early 2024"]
[Site "https://www.chess.com"]
[Date "2024.01.11"]
[Round "2"]
[White "Skibbe, Willi"]
[Black "Ingebretsen, Jens E"]
[Result "1-0"]
[Board "236"]
[TimeControl "180+1"]
[WhiteFideId "4682190"]
[BlackFideId "1522965"]
[WhiteElo "2376"]
[BlackElo "2600"]
[WhiteTeam "GER"]
[BlackTeam "NOR"]
[WhiteClock "0:00:11"]
[BlackClock "0:00:10"]

1. e4 a5 2. d4 b6 3. Nc3 Bb7 4. Nf3 g6 5. Bc4 Bg7 6. O-O e6 7. Bg5 f6 8. Be3 Ne7 9. d5 e5 10. d6 Nc8 11. dxc7 Qxc7 12. Bb3 Nc6 13. Nd5 Qd8 14. a4 Nb4 15. Nxb4 axb4 16. Qd3 d5 17. Qb5+ Qd7 18. exd5 Qxb5 19. axb5 Kd7 20. Nd2 Nd6 21. Bxb6 Nxb5 22. Ba4 Ba6 23. c4 bxc3 24. bxc3 Rab8 25. Ba7 Rb7 26. Be3 Kd6 27. c4 Nd4 28. Ne4+ Ke7 29. Bxd4 exd4 30. d6+ Kf7 31. Nc5 Ra7 32. Nxa6 Rxa6 33. c5 Rha8 34. Bb3+ Kf8 35. Rxa6 Rxa6 36. Bd5 Ke8 37. c6 d3 38. Re1+ Kd8 39. c7+ Kd7 40. Be6+ Kxd6 41. c8=Q Rc6 42. Qd7+ Kc5 43. Qd5+ Kb6 44. Qd4+ Kc7 45. Qxd3 f5 46. Qd7+ Kb6 47. Qxg7 Rc7 48. Qd4+ Rc5 49. Rc1 Ka6 50. Qxc5 1-0

[Event "January 9 Early 2024"]
[Site "https://www.chess.com"]
[Date "2024.01.11"]
[Round "2"]
[White "Recuero Guerra, Javier"]
[Black "Dubnevych, Maksym"]
[Result "0-1"]
[Board "237"]
[TimeControl "180+1"]
[WhiteFideId "2254085"]
[BlackFideId "14184001"]
[WhiteElo "2284"]
[BlackElo "2518"]
[WhiteTeam "ESP"]
[BlackTeam "UKR"]
[WhiteClock "0:00:03"]
[BlackClock "0:00:08"]

1. e4 c5 2. Nf3 Nc6 3. d4 cxd4 4. Nxd4 e5 5. Nb5 d6 6. a4 Be6 7. Be3 g6 8. N1c3 a6 9. Na3 Rc8 10. Bc4 Na5 11. Bxe6 fxe6 12. Qg4 Qd7 13. O-O Nf6 14. Qh4 Bg7 15. Rad1 O-O 16. Kh1 Nc4 17. Nxc4 Rxc4 18. f3 d5 19. Bg5 d4 20. Nb1 Rxc2 21. Qe1 Rxb2 22. Na3 Qxa4 23. Ra1 Qb3 24. Qc1 Qc3 25. Qd1 b5 26. Nb1 Qc2 27. Qxc2 Rxc2 28. Rxa6 Nxe4 29. Be7 Rf5 30. Ra8+ Kf7 31. Ra7 Ke8 32. Bb4 Bf8 33. Ra8+ Kd7 34. Rxf8 Rxf8 35. Bxf8 Nf6 36. Bg7 Nd5 37. Bxe5 d3 38. Na3 Ra2 39. Nxb5 Ne3 40. Rg1 d2 41. Nc3 Rc2 42. Nd1 Nxd1 43. Rxd1 Rc1 0-1

[Event "January 9 Early 2024"]
[Site "https://www.chess.com"]
[Date "2024.01.11"]
[Round "2"]
[White "San Thit Lwin"]
[Black "Benedetti, Julio"]
[Result "0-1"]
[Board "238"]
[TimeControl "180+1"]
[WhiteFideId "13001272"]
[BlackFideId "172545"]
[WhiteElo "2263"]
[BlackElo "2508"]
[WhiteTeam "MYA"]
[BlackTeam "ARG"]
[WhiteClock "0:00:11"]
[BlackClock "0:00:07"]

1. Nf3 Nf6 2. c4 g6 3. Nc3 Bg7 4. e4 d6 5. d4 O-O 6. Be2 e5 7. O-O Nc6 8. d5 Ne7 9. b4 a5 10. Ba3 axb4 11. Bxb4 Nd7 12. Nd2 f5 13. f3 Rf7 14. a4 Bf8 15. Nb3 g5 16. exf5 Nxf5 17. Ne4 Ne3 18. Qd2 Nxf1 19. Bxf1 Rg7 20. c5 g4 21. f4 exf4 22. Qxf4 dxc5 23. Nbxc5 Nxc5 24. Nxc5 Bd6 25. Qf2 g3 26. Qd4 Rg4 27. Ne4 Bxb4 28. Nf6+ Kf7 29. Nxg4 Bxg4 30. Qxg4 gxh2+ 31. Kh1 Qd6 32. Bd3 Rf8 33. Rf1+ Ke7 34. Qh4+ Ke8 35. Qh5+ Kd8 36. Qg5+ Kc8 37. Bf5+ Kb8 38. Qh5 Qxd5 39. Rd1 Qxf5 40. Qh6 Bd6 41. Qh4 Qf1+ 42. Rxf1 Rxf1# 0-1

[Event "January 9 Early 2024"]
[Site "https://www.chess.com"]
[Date "2024.01.11"]
[Round "2"]
[White "Rohith Krishna S"]
[Black "Bodnaruk, Anastasia"]
[Result "1-0"]
[Board "239"]
[TimeControl "180+1"]
[WhiteFideId "46617051"]
[BlackFideId "4181751"]
[WhiteElo "2832"]
[BlackElo "2551"]
[WhiteTeam "IND"]
[BlackTeam "RUS"]
[WhiteClock "0:00:41"]
[BlackClock "0:00:02"]

1. d4 Nf6 2. c4 g6 3. Nc3 Bg7 4. e4 d6 5. Nf3 O-O 6. Be2 e5 7. dxe5 dxe5 8. Qxd8 Rxd8 9. Bg5 Re8 10. Nd5 Nxd5 11. cxd5 c6 12. Bc4 b5 13. Bb3 Bb7 14. Rd1 Nd7 15. O-O c5 16. a4 a6 17. Bc2 f6 18. Bd2 Bf8 19. Ba5 Bd6 20. Nd2 c4 21. Nb1 Nc5 22. Nc3 b4 23. Bxb4 Nxe4 24. Nxe4 Bxb4 25. Nxf6+ Kf7 26. Nxe8 Rxe8 27. Be4 Rc8 28. f3 Bd6 29. h4 Bc5+ 30. Kh2 Bd4 31. Rd2 Ke8 32. f4 Be3 33. Re2 exf4 34. g3 Kd7 35. gxf4 Bd4 36. f5 Kd6 37. fxg6 hxg6 38. Rg2 Be5+ 39. Kh3 Kc5 40. Rxg6 Bxb2 41. Rf7 Ba8 42. Rxa6 Re8 43. Bg2 c3 44. Rc7+ Kd4 45. h5 Re5 46. Rxa8 Rxh5+ 47. Kg4 Rh6 48. Kf5 Rh5+ 49. Kg6 Rh2 50. Bf3 c2 51. Rac8 Kd3 52. d6 Be5 53. d7 Bxc7 54. Rxc7 Rh8 55. Rc8 Rd8 56. Bg4 Kd4 57. Rxc2 1-0

[Event "January 9 Early 2024"]
[Site "https://www.chess.com"]
[Date "2024.01.11"]
[Round "2"]
[White "Bueno, Alfeu Junior Varela"]
[Black "Sieciechowicz, Marcin"]
[Result "0-1"]
[Board "240"]
[TimeControl "180+1"]
[WhiteFideId "2108879"]
[BlackFideId "1130170"]
[WhiteElo "2398"]
[BlackElo "2693"]
[WhiteTeam "BRA"]
[BlackTeam "POL"]
[WhiteClock "0:00:04"]
[BlackClock "0:00:06"]

1. e4 e6 2. d4 d5 3. Nd2 Nf6 4. Bd3 c5 5. e5 Nfd7 6. c3 b6 7. Qe2 Nc6 8. Ngf3 cxd4 9. cxd4 Nb4 10. O-O Nxd3 11. Qxd3 Be7 12. Ne1 O-O 13. f4 f5 14. exf6 Nxf6 15. Nef3 a5 16. Re1 Bd6 17. Ne5 Bb7 18. Qh3 Qe7 19. Ndf3 Ne4 20. Be3 Rac8 21. Ng5 Nxg5 22. fxg5 Bxe5 23. dxe5 d4 24. Bd2 Rc2 25. Qd3 Rxb2 26. Reb1 Be4 27. Qxe4 Rxd2 28. Rf1 Rc8 29. Rac1 Rd8 30. a4 d3 31. Rcd1 Rxd1 32. Rxd1 Qc5+ 33. Kh1 Qc2 34. Qg4 Qb3 35. h4 d2 36. h5 Rc8 37. Kh2 Rd8 38. g6 Qd5 39. Qf4 Rf8 40. gxh7+ Kxh7 41. Qxf8 Qxe5+ 42. Kh3 Qxh5+ 43. Kg3 Qxd1 44. Qf4 Qe1+ 45. Kh3 Qh1+ 46. Kg3 d1=Q 0-1

[Event "January 9 Early 2024"]
[Site "https://www.chess.com"]
[Date "2024.01.11"]
[Round "2"]
[White "Bologan, Victor"]
[Black "Smirnov, Mark"]
[Result "1-0"]
[Board "241"]
[TimeControl "180+1"]
[WhiteFideId "13900048"]
[BlackFideId "13764594"]
[WhiteElo "2794"]
[BlackElo "2536"]
[WhiteTeam "MDA"]
[BlackTeam "KAZ"]
[WhiteClock "0:00:14"]
[BlackClock "0:00:02"]

1. e4 c5 2. Nf3 d6 3. Bb5+ Nd7 4. d4 cxd4 5. Nxd4 Nf6 6. O-O a6 7. Bd3 e5 8. Nb3 Be7 9. c4 O-O 10. Nc3 b6 11. f3 Nc5 12. Be3 Be6 13. Be2 Qc7 14. Qd2 Rac8 15. Rfd1 Rfd8 16. Nd5 Bxd5 17. cxd5 b5 18. Nxc5 dxc5 19. a4 c4 20. axb5 axb5 21. Ra7 Qd6 22. Rda1 Rc7 23. R7a6 Qb4 24. Qxb4 Bxb4 25. Rb6 Bc5 26. Bxc5 Rxc5 27. Ra5 c3 28. bxc3 Rxc3 29. Raxb5 Kf8 30. Rc6 Rxc6 31. dxc6 Rc8 32. Rc5 Ke7 33. Rxe5+ Kd6 34. Rf5 Rxc6 35. Kf2 Ke7 36. Ra5 Rc2 37. Ke3 Ne8 38. Ra7+ Kf8 39. h4 g6 40. g4 Ng7 41. Bd3 Rc3 42. Kd4 Rc6 43. Bc4 Rf6 44. Ke3 Ne6 45. g5 Nxg5 46. hxg5 1-0

[Event "January 9 Early 2024"]
[Site "https://www.chess.com"]
[Date "2024.01.11"]
[Round "2"]
[White "Feuerstack, Aljoscha"]
[Black "Mushini Ajay"]
[Result "0-1"]
[Board "242"]
[TimeControl "180+1"]
[WhiteFideId "4681932"]
[BlackFideId "35066188"]
[WhiteElo "2613"]
[BlackElo "2395"]
[WhiteTeam "GER"]
[BlackTeam "IND"]
[WhiteClock "0:00:05"]
[BlackClock "0:00:09"]

1. e4 e6 2. d3 d5 3. Nd2 c5 4. Ngf3 Nf6 5. g3 Nc6 6. Bg2 Be7 7. O-O b6 8. e5 Nd7 9. Re1 Bb7 10. Nf1 Qc7 11. Bf4 h6 12. h4 O-O-O 13. h5 g5 14. hxg6 fxg6 15. Bh3 g5 16. Bd2 Ndxe5 17. Nxe5 Nxe5 18. Bxe6+ Kb8 19. d4 cxd4 20. Bh3 d3 21. cxd3 d4 22. Rc1 Qd6 23. Rxe5 Qxe5 24. Qb3 Qd5 25. Qxd5 Bxd5 26. a3 Bf6 27. Nh2 Rhe8 28. Ng4 Bg7 29. f4 Re2 30. Bb4 gxf4 31. gxf4 Rde8 32. Bd6+ Kb7 33. Ne5 Bxe5 34. Bxe5 Rg8+ 35. Kf1 Rxb2 36. Bxd4 Bg2+ 37. Ke1 Re8+ 38. Be5 Bxh3 39. Rc7+ Ka6 40. Rh7 Rc8 41. Kd1 Bg4+ 0-1

[Event "January 9 Early 2024"]
[Site "https://www.chess.com"]
[Date "2024.01.11"]
[Round "2"]
[White "Hambleton, Aman"]
[Black "Santos Flores, Alberto"]
[Result "1-0"]
[Board "243"]
[TimeControl "180+1"]
[WhiteFideId "2606577"]
[BlackFideId "3601234"]
[WhiteElo "2774"]
[BlackElo "2506"]
[WhiteTeam "CAN"]
[BlackTeam "ECU"]
[WhiteClock "0:00:04"]
[BlackClock "0:00:04"]

1. d4 Nf6 2. Bf4 g6 3. e3 Bg7 4. h3 O-O 5. c3 d6 6. Nf3 Nbd7 7. Bh2 b6 8. a4 a6 9. Bd3 Bb7 10. O-O Re8 11. Re1 e5 12. Be2 Qe7 13. Na3 Ne4 14. Bf1 Rad8 15. Nc4 Ng5 16. Nxg5 Qxg5 17. Qg4 Qe7 18. Rad1 h5 19. Qe2 Qg5 20. dxe5 Nxe5 21. f4 Nf3+ 22. Qxf3 Bxf3 23. fxg5 Bxd1 24. Rxd1 a5 25. Bf4 Be5 26. Kf2 Bxf4 27. exf4 Re6 28. Be2 f6 29. gxf6 Rxf6 30. g3 g5 31. Bxh5 gxf4 32. Rd4 fxg3+ 33. Kxg3 Rdf8 34. Ne3 Rf2 35. Ng4 Rxb2 36. Rc4 c5 37. Re4 Rc2 38. Re3 d5 39. Ne5 d4 40. cxd4 cxd4 41. Re4 Rc3+ 42. Kh4 d3 43. Rd4 Rfc8 44. Bg4 R8c5 45. Nxd3 R5c4 46. Be6+ Kg7 47. Bxc4 1-0

[Event "January 9 Early 2024"]
[Site "https://www.chess.com"]
[Date "2024.01.11"]
[Round "2"]
[White "Dyulgerov, Volen"]
[Black "Wagner, Dennis"]
[Result "0-1"]
[Board "244"]
[TimeControl "180+1"]
[WhiteFideId "2918978"]
[BlackFideId "24650684"]
[WhiteElo "2393"]
[BlackElo "2750"]
[WhiteTeam "BUL"]
[BlackTeam "GER"]
[WhiteClock "0:00:01"]
[BlackClock "0:00:22"]

1. e4 c5 2. Nf3 d6 3. d4 cxd4 4. c3 Nf6 5. Bd3 dxc3 6. O-O g6 7. Re1 Bg7 8. Nxc3 O-O 9. Bg5 Nc6 10. Rc1 Be6 11. Nd5 Nxd5 12. exd5 Bxd5 13. Ba6 Bxf3 14. Qxf3 bxa6 15. Rxc6 Re8 16. h4 Rb8 17. Qa3 Qd7 18. Rxa6 Bxb2 19. Qa4 Qxa4 20. Rxa4 Rb7 21. Rb1 Reb8 22. Be3 e6 23. Rxa7 Rxa7 24. Bxa7 Ra8 25. Rxb2 Rxa7 26. h5 gxh5 27. Kh2 Kg7 28. Kg3 Ra4 29. f4 Kg6 30. Kf3 Kf5 31. g3 Ra3+ 32. Kf2 Kg4 33. Rb7 Rxa2+ 34. Ke3 Ra3+ 35. Ke4 f5+ 36. Kd4 Kxg3 37. Rxh7 h4 38. Rh6 Ra4+ 39. Ke3 Re4+ 40. Kd2 h3 41. Rg6+ Kxf4 42. Rh6 Kg3 43. Rg6+ Kf2 44. Rh6 Kg2 45. Rg6+ Kh1 46. Kd3 h2 47. Kd2 d5 48. Kd3 f4 49. Kd2 Re3 50. Rg4 e5 51. Kd1 Rg3 52. Rh4 Kg2 0-1

[Event "January 9 Early 2024"]
[Site "https://www.chess.com"]
[Date "2024.01.11"]
[Round "2"]
[White "Andrews, Todd"]
[Black "Ratnesan, Ranesh"]
[Result "0-1"]
[Board "245"]
[TimeControl "180+1"]
[WhiteFideId "2012456"]
[BlackFideId "439339"]
[WhiteElo "2492"]
[BlackElo "2291"]
[WhiteTeam "USA"]
[BlackTeam "ENG"]
[WhiteClock "0:00:14"]
[BlackClock "0:00:07"]

1. d4 d5 2. c4 e6 3. Nc3 Nf6 4. cxd5 exd5 5. Bg5 c6 6. e3 Be7 7. Bd3 Nbd7 8. Nge2 h6 9. Bh4 Nh5 10. Bxe7 Qxe7 11. O-O O-O 12. Rb1 a5 13. a3 f5 14. b4 axb4 15. axb4 b5 16. Qc2 Ndf6 17. Bxf5 Nd7 18. Bg6 Nhf6 19. Ng3 Nb6 20. Ra1 Bd7 21. Nce2 Nc4 22. Nf4 Qxb4 23. Ngh5 Nxh5 24. Bh7+ Kf7 25. Qg6+ Ke7 26. Qxh5 Rxa1 27. Rxa1 Rf6 28. Ng6+ Kd6 29. Qh4 Kc7 30. Qg3+ Kb7 31. h4 Bf5 32. h5 Qd6 33. Qh4 b4 34. Bg8 b3 35. f3 b2 36. Rf1 Nxe3 37. Re1 b1=Q 38. Rxb1+ Bxb1 39. Qe1 Bxg6 40. hxg6 Nc4 41. Bf7 Nb6 42. Qa5 Qg3 43. Qd2 Rxf3 44. Be8 Rd3 45. Qc2 Rc3 46. Qb2 Rb3 47. Qc2 Qc3 48. Qe2 Rb1+ 49. Kh2 Qxd4 50. Qe7+ Ka6 51. Qd8 Qf4+ 52. g3 Qf2+ 53. Kh3 Rh1+ 54. Kg4 Qd4+ 55. Kf5 Qe4# 0-1

[Event "January 9 Early 2024"]
[Site "https://www.chess.com"]
[Date "2024.01.11"]
[Round "2"]
[White "Krzyzanowski, Marcin"]
[Black "Rietze, Clemens, Dr."]
[Result "1-0"]
[Board "246"]
[TimeControl "180+1"]
[WhiteFideId "1132199"]
[BlackFideId "24620351"]
[WhiteElo "2779"]
[BlackElo "2518"]
[WhiteTeam "POL"]
[BlackTeam "GER"]
[WhiteClock "0:00:15"]
[BlackClock "0:00:13"]

1. e4 c5 2. Nf3 Nc6 3. Bb5 e6 4. Bxc6 bxc6 5. d3 f6 6. h4 d5 7. Qe2 Bd6 8. c4 Ne7 9. h5 O-O 10. Nc3 Bd7 11. h6 g6 12. e5 fxe5 13. Bg5 Qc7 14. Bxe7 Bxe7 15. Qxe5 Qxe5+ 16. Nxe5 Rad8 17. Na4 Bd6 18. Nxd7 Rxd7 19. Ke2 Kf7 20. Rac1 Rc8 21. b3 g5 22. Nc3 Kg6 23. Nd1 Bf4 24. Rc2 g4 25. Ne3 Bxh6 26. Nxg4 Bg7 27. f3 h5 28. Nf2 Bd4 29. Nh3 Kf5 30. Nf2 Rh7 31. g4+ Kg6 32. Nh3 Be5 33. cxd5 cxd5 34. Nf2 Bd6 35. d4 hxg4 36. fxg4 Rxh1 37. Nxh1 c4 38. Nf2 Kg5 39. bxc4 dxc4 40. Ne4+ Kxg4 41. Nxd6 Rc6 42. Nxc4 Ra6 43. Kd3 Kf5 44. Rf2+ Kg5 45. a3 Rc6 46. Rg2+ Kf4 47. Ne5 Rc1 48. Rg7 Rd1+ 49. Kc3 Rc1+ 50. Kd2 Ra1 51. Rxa7 Ra2+ 52. Kd3 Rh2 53. Rf7+ Kg5 54. Nf3+ Kg6 55. Nxh2 Kxf7 56. a4 1-0

[Event "January 9 Early 2024"]
[Site "https://www.chess.com"]
[Date "2024.01.11"]
[Round "2"]
[White "Hon, Eric"]
[Black "Valle Luis, Leo"]
[Result "0-1"]
[Board "247"]
[TimeControl "180+1"]
[WhiteFideId "2097117"]
[BlackFideId "54577187"]
[WhiteElo "2260"]
[BlackElo "2505"]
[WhiteTeam "USA"]
[BlackTeam "ESP"]
[WhiteClock "0:00:04"]
[BlackClock "0:00:03"]

1. e4 c6 2. d4 d5 3. exd5 cxd5 4. Nf3 Nc6 5. Bd3 Nf6 6. h3 g6 7. O-O Bg7 8. c3 O-O 9. Re1 Bf5 10. Bxf5 gxf5 11. Ne5 e6 12. Bg5 Kh8 13. Nd2 Qc7 14. Bxf6 Bxf6 15. f4 Bxe5 16. fxe5 Rg8 17. Qh5 Rg6 18. Nf3 Rag8 19. Re2 Ne7 20. Rf1 Qc4 21. Ref2 R8g7 22. a3 Ng8 23. Nd2 Qb5 24. b3 Rg5 25. Qe2 Qb6 26. Kh2 Ne7 27. a4 a6 28. g4 Qc7 29. Qd3 Kg8 30. Nf3 R5g6 31. Nh4 Rh6 32. gxf5 f6 33. fxe6 Rxh4 34. Rxf6 Ng6 35. Qg3 Rh6 36. Rf7 Rxf7 37. exf7+ Kf8 38. Qg5 Rh4 39. Qf6 Qe7 40. Qb6 Re4 41. Qa7 Rf4 42. Qb8+ Kg7 43. Rxf4 Nxf4 44. Kg3 Ng6 45. h4 Qxf7 46. Qc7 Qxc7 47. h5 Qe7 0-1

[Event "January 9 Early 2024"]
[Site "https://www.chess.com"]
[Date "2024.01.11"]
[Round "2"]
[White "Pakleza, Zbigniew"]
[Black "Radzhabov, Rodion"]
[Result "1-0"]
[Board "248"]
[TimeControl "180+1"]
[WhiteFideId "1119290"]
[BlackFideId "884715"]
[WhiteElo "2858"]
[BlackElo "2558"]
[WhiteTeam "POL"]
[BlackTeam "RUS"]
[WhiteClock "0:00:04"]
[BlackClock "0:00:02"]

1. d4 Nf6 2. Nf3 e6 3. Bf4 c5 4. c3 b6 5. Nbd2 Bb7 6. h3 Be7 7. e3 O-O 8. Bd3 d5 9. O-O Nc6 10. Bh2 Rc8 11. Qe2 Re8 12. Rad1 Bd6 13. Ne5 cxd4 14. exd4 Bxe5 15. dxe5 Nd7 16. Nb3 Nc5 17. Nxc5 bxc5 18. f4 Ne7 19. g4 Qb6 20. Qf2 d4 21. Rfe1 Nd5 22. cxd4 cxd4 23. Be4 Ne3 24. Rxd4 Qxd4 25. Bxb7 Rc2 26. Qxe3 Qxb2 27. Qxa7 Rxh2 28. Qe3 Rd8 29. Be4 h5 30. Rb1 Rg2+ 31. Kh1 Rh2+ 32. Kg1 Qd2 33. Qxd2 Rhxd2 34. gxh5 R2d4 35. Re1 Ra4 36. Kf2 Rd2+ 37. Kf3 Ra3+ 38. Kg4 Rdxa2 39. Rc1 Kf8 40. Rc8+ Ke7 41. Rc7+ Ke8 42. Rc8+ Kd7 43. Rg8 Ra1 44. Kh4 1-0

[Event "January 9 Early 2024"]
[Site "https://www.chess.com"]
[Date "2024.01.11"]
[Round "2"]
[White "Khamdamova, Afruza"]
[Black "Ioannidis, Evgenios"]
[Result "0-1"]
[Board "249"]
[TimeControl "180+1"]
[WhiteFideId "14210444"]
[BlackFideId "4229274"]
[WhiteElo "2538"]
[BlackElo "2798"]
[WhiteTeam "UZB"]
[BlackTeam "GRE"]
[WhiteClock "0:00:01"]
[BlackClock "0:00:03"]

1. e4 e5 2. Nf3 Nc6 3. Bb5 a6 4. Ba4 Nf6 5. O-O Nxe4 6. d4 Be7 7. d5 Nc5 8. Bxc6 dxc6 9. dxc6 Qxd1 10. Rxd1 Bd6 11. Be3 f6 12. Rd5 b6 13. Nc3 Be6 14. Rd2 Kf7 15. Rad1 Bg4 16. Nd5 Ne4 17. Rd3 Rhd8 18. h3 Be6 19. c4 Rac8 20. Nd2 Nc5 21. Bxc5 Bxc5 22. Ne4 Bd4 23. Nec3 Rd6 24. b3 b5 25. Ne2 bxc4 26. bxc4 Bc5 27. Ndc3 Bxc4 28. Rxd6 cxd6 29. Ne4 Bxe2 30. Rxd6 Bb6 31. Rd7+ Kg6 32. Nd6 Rxc6 33. Ne8 Rc1+ 34. Kh2 Bxf2 35. Rxg7+ Kh6 36. Rg8 Be3 37. h4 Bf4+ 38. g3 Bc4 39. Rf8 Rc2+ 40. Kh3 Be6+ 41. g4 Rh2# 0-1

[Event "January 9 Early 2024"]
[Site "https://www.chess.com"]
[Date "2024.01.11"]
[Round "2"]
[White "Passen, Brett"]
[Black "Gurevich, Dmitry"]
[Result "0-1"]
[Board "250"]
[TimeControl "180+1"]
[WhiteFideId "30972167"]
[BlackFideId "2000407"]
[WhiteElo "2316"]
[BlackElo "2526"]
[WhiteTeam "USA"]
[BlackTeam "USA"]
[WhiteClock "0:00:01"]
[BlackClock "0:00:03"]

1. c4 e6 2. Nc3 d5 3. d4 a6 4. cxd5 exd5 5. Bf4 c6 6. e3 Bd6 7. Bxd6 Qxd6 8. Bd3 Ne7 9. Qc2 g6 10. Nge2 Bf5 11. O-O Bxd3 12. Qxd3 Nd7 13. Rab1 O-O 14. b4 Nb6 15. a4 Nc4 16. b5 axb5 17. axb5 Ra3 18. Ra1 Rfa8 19. Rxa3 Rxa3 20. Qc2 Qb4 21. Rb1 Qa5 22. bxc6 bxc6 23. e4 Ra1 24. g3 Kg7 25. Kg2 Rxb1 26. Qxb1 Qa7 27. Qd3 Qb7 28. Nf4 Nb2 29. Qc2 Nc4 30. Qd3 Nd6 31. exd5 cxd5 32. Qf3 Ndf5 33. Ncxd5 Nxd4 34. Qc3 Nxd5 35. Qxd4+ Nf6+ 36. Kg1 Qc6 37. h4 h5 38. Kh2 Qe4 39. Qxe4 Nxe4 40. Kg2 Nd6 41. Ne2 Kf6 42. Kf3 Ke5 43. Nf4 Nf5 44. Nh3 Nd4+ 45. Ke3 Ne6 46. Ng1 Kf5 47. Nf3 f6 48. Nd2 Kg4 49. Ne4 f5 50. Nd6 f4+ 51. gxf4 Nxf4 0-1

[Event "January 9 Early 2024"]
[Site "https://www.chess.com"]
[Date "2024.01.11"]
[Round "2"]
[White "Yagupov, Igor"]
[Black "Navara, David"]
[Result "0-1"]
[Board "251"]
[TimeControl "180+1"]
[WhiteFideId "4113632"]
[BlackFideId "309095"]
[WhiteElo "2640"]
[BlackElo "2992"]
[WhiteTeam "RUS"]
[BlackTeam "CZE"]
[WhiteClock "0:00:09"]
[BlackClock "0:00:05"]

1. e4 c5 2. Nf3 d6 3. d4 cxd4 4. Nxd4 Nf6 5. Nc3 a6 6. f3 e5 7. Nb3 Be6 8. Be3 Be7 9. Qd2 O-O 10. O-O-O Nbd7 11. g4 b5 12. g5 Nh5 13. Kb1 b4 14. Nd5 Bxd5 15. exd5 a5 16. Bb5 f5 17. h4 Qc7 18. Bc6 a4 19. Nc1 Rab8 20. Nd3 Ng3 21. Rhe1 b3 22. cxb3 axb3 23. a3 Nb6 24. Rc1 f4 25. Bf2 Nf5 26. Re4 Rfc8 27. Qa5 Bd8 28. Rb4 Ne3 29. Bxe3 fxe3 30. Qa6 Qf7 31. Rxb3 Qxf3 32. Bd7 Rxc1+ 33. Nxc1 Nxd7 34. Rxb8 Qf5+ 35. Ka2 Nxb8 36. Qb5 Nd7 37. a4 Kf7 38. a5 Ke7 39. a6 Bb6 40. Ne2 Qe4 41. Nc3 Qd4 42. Qc6 Qxh4 43. Qb7 Qc4+ 44. Kb1 Qd3+ 45. Ka2 Qc4+ 0-1

[Event "January 9 Early 2024"]
[Site "https://www.chess.com"]
[Date "2024.01.11"]
[Round "2"]
[White "Zavgorodniy, Sergiy"]
[Black "Kolmagorov, Alexey"]
[Result "1-0"]
[Board "252"]
[TimeControl "180+1"]
[WhiteFideId "14110148"]
[BlackFideId "34129402"]
[WhiteElo "2622"]
[BlackElo "2367"]
[WhiteTeam "UKR"]
[BlackTeam "RUS"]
[WhiteClock "0:00:10"]
[BlackClock "0:00:07"]

1. e4 c5 2. Nf3 Nc6 3. Bb5 g6 4. O-O Bg7 5. c3 e5 6. a3 Nge7 7. b4 d6 8. d3 O-O 9. Be3 b6 10. Nbd2 Bb7 11. Bc4 d5 12. exd5 Nxd5 13. Qb3 Nxe3 14. fxe3 Qe7 15. Ne4 h6 16. Nfd2 Nd8 17. Bd5 Kh7 18. c4 f5 19. Ng3 Bxd5 20. cxd5 e4 21. dxe4 Bxa1 22. Rxa1 fxe4 23. Ngxe4 Nb7 24. Ng3 Qf6 25. Rf1 Qe5 26. Nf3 Qe7 27. e4 cxb4 28. axb4 a5 29. bxa5 Rxa5 30. Qxb6 Ra2 31. e5 Qc5+ 32. Qxc5 Nxc5 33. Rc1 Nd3 34. Rc7+ Kg8 35. e6 Ne5 36. e7 Nxf3+ 37. gxf3 Rb8 38. Rb7 Rc8 39. Rb1 Kf7 40. d6 Rcc2 41. Nf1 Rg2+ 42. Kh1 Rgf2 43. Re1 Ke8 44. d7+ Kxd7 45. e8=Q+ Kd6 46. Qe6+ Kc5 47. Qe5+ Kc6 48. Rc1+ Kd7 49. Rc7+ Kd8 50. Qe7# 1-0

[Event "January 9 Early 2024"]
[Site "https://www.chess.com"]
[Date "2024.01.11"]
[Round "2"]
[White "Pandey Srishti"]
[Black "Guevara Sanchez, Erick Marvin"]
[Result "1/2-1/2"]
[Board "253"]
[TimeControl "180+1"]
[WhiteFideId "35093290"]
[BlackFideId "6700136"]
[WhiteElo "2472"]
[BlackElo "2215"]
[WhiteTeam "IND"]
[BlackTeam "ESA"]
[WhiteClock "0:00:14"]
[BlackClock "0:00:07"]

1. e4 c5 2. Nf3 d6 3. d4 cxd4 4. Nxd4 Nf6 5. Nc3 a6 6. f3 e5 7. Nb3 Be6 8. Be3 Be7 9. Qd2 Nbd7 10. Nd5 Nxd5 11. exd5 Bf5 12. Be2 O-O 13. O-O Rc8 14. c4 Nf6 15. Na5 Qc7 16. b4 Bd7 17. Rac1 b6 18. Nb3 Qb7 19. Qb2 b5 20. Na5 Qa8 21. Rfd1 bxc4 22. Bxc4 Bd8 23. Qe2 Bxa5 24. bxa5 Ba4 25. Bxa6 Bxd1 26. Rxd1 Nxd5 27. Bxc8 Rxc8 28. Bb6 Nc3 29. Qd2 Nxd1 30. Qxd1 d5 31. h3 d4 32. Qe1 f6 33. Qb4 Qd5 34. a6 Ra8 35. a7 h6 36. Bc7 Kh7 37. Bb8 d3 38. Qd2 Qd4+ 39. Kf1 f5 40. h4 e4 41. fxe4 fxe4 42. Qf4 d2 43. Qf5+ g6 44. Qf7+ Qg7 45. Qd5 e3 46. Ke2 Qa1 47. Qd7+ Qg7 48. Qd5 Qa1 49. Qd7+ Qg7 50. Qd5 1/2-1/2